 Dungeon Crawl Stone Soup version 0.29.1-15-g9cfb28693d (webtiles) character file.

Game seed: 2855200599971381840

2550 croobank the Covert (level 9, -2/62 HPs)
             Began as an Octopode Delver on Mar 6, 2023.
             Was an Initiate of Gozag.
             Slain by a kobold brigand
             ... wielding a +0 dagger
              (4 damage)
             ... on level 7 of the Dungeon.
             The game lasted 00:25:11 (12207 turns).

croobank the Covert (Octopode Delver)              Turns: 12207, Time: 00:25:12

Health: -2/62      AC:  1    Str: 11    XL:     9   Next: 56%
Magic:  0/15       EV: 15    Int: 17    God:    Gozag
Gold:   243        SH:  0    Dex: 13    Spells: 9/16 levels left

rFire   . . .      SeeInvis .   u - staff of conjuration
rCold   . . .      Faith    .   (no shield)
rNeg    . . .      Spirit   +   (helmet restricted)
rPois   .          Reflect  .   n - amulet of guardian spirit
rElec   .          Harm     .   x - ring of resist corrosion
rCorr   +          Rampage  .   (no ring)
Will    .....                   (no ring)
Stlth   +++++.....              (no ring)
HPRegen 0.20/turn               (no ring)
MPRegen 0.14/turn               (no ring)
                                (no ring)
                                (no ring)

@: gold aura
A: almost no armour, amphibious, 8 rings, camouflage 1, gelatinous body 1,
(nimble swimmer 1), tentacles
a: Renounce Religion, Potion Petition, Call Merchant, Bribe Branch


You were on level 7 of the Dungeon.
You worshipped Gozag.
Gozag was aware of your devotion.
You visited 2 branches of the dungeon, and saw 8 of its levels.

You collected 725 gold pieces.
You paid 482 gold pieces to Gozag.

Inventory:

Hand Weapons
 a - a +1 hand axe of draining
 h - a +0 dagger of venom
 i - a +0 dagger of draining
 k - a +0 short sword
 l - a +0 dagger
 o - a +0 hand axe of flaming
 q - a +0 vorpal spear
 t - a +0 trident
 v - a +0 dagger of protection
Missiles
 p - 20 poisoned darts (quivered)
Magical Staves
 j - a staff of death
 u - a staff of conjuration (weapon)
Jewellery
 n - an amulet of guardian spirit (around mantle)
 x - a ring of resist corrosion (left tentacle)
Wands
 f - a wand of digging (3)
 w - a wand of flame (24)
 y - a wand of polymorph (6)
Scrolls
 b - 2 scrolls of fog
 g - a scroll of enchant armour
Potions
 s - 2 potions of brilliance
 z - a potion of mutation


   Skills:
 + Level 5.7 Fighting
 - Level 3.1 Axes
 + Level 3.9 Staves
 + Level 5.3 Dodging
 + Level 9.7 Stealth
 + Level 4.4 Spellcasting
 + Level 4.9 Conjurations
 + Level 2.8 Hexes


You had 9 spell levels left.
You knew the following spells:

 Your Spells              Type           Power      Damage    Failure   Level
a - Magic Dart            Conj           100%       1d8       1%          1
b - Searing Ray           Conj           60%        2d6       3%          2
c - Fulminant Prism       Conj/Hex       12%        3d9       30%         4

Your spell library contained the following spells:

 Spells                   Type           Power      Damage    Failure   Level
 Sting                    Tmut/Pois      12%        1d3       16%         1
 Poisonous Vapours        Pois/Air       6%         N/A       22%         2
 Gell's Gravitas          Tloc           3%         N/A       41%         3
 Teleport Other           Tloc           3%         N/A       41%         3
 Olgreb's Toxic Radiance  Pois           3%         N/A       83%         4
 Dispersal                Tloc           1%         N/A       100%        6


Dungeon Overview and Level Annotations

Branches:
Dungeon (7/15)             Temple (1/1) D:4

Altars:
Ashenzari
Cheibriados
Dithmenos
Fedhas
Gozag
Hepliaklqana
Kikubaaqudgha
Makhleb
Okawaru
Qazlal
Ru
Trog
Uskayaw
Vehumet
Wu Jian
Xom
Yredelemnul
The Shining One


Innate Abilities, Weirdness & Mutations

You cannot wear most types of armour.
You are amphibious.
You can wear up to eight rings at the same time.
Your skin changes colour to match your surroundings (Stealth+).
Your rubbery body absorbs attacks. (AC +1, EV +1)
((You are camouflaged when in or above water. (Stealth+)))
You have tentacles for arms and can constrict up to eight enemies at once.


Message History

The scorpion is almost dead.
You constrict the scorpion.
You kill the scorpion!
The ogre is no longer distracted by gold.
The ogre is distracted by your dazzling golden aura.
Throw: 2 darts (atropa)
Press: ? - help, Q - select action, (/) - cycle Shift-Dir - straight line, f/p - ogre
Aim: an ogre, wielding a +0 giant club (almost dead, unaware, hasn't noticed you, 74% to hit, chance to blind on hit: 70%)
You throw an atropa-tipped dart.
The atropa-tipped dart closely misses the kobold brigand.
The atropa-tipped dart hits the ogre.
The ogre appears confused.
The ogre is no longer distracted by gold.
The ogre shouts!
The ogre is almost dead.
The kobold brigand closely misses you.
The ogre barely misses the kobold brigand.
Throw: dart (atropa)
Press: ? - help, Q - select action, (/) - cycle Shift-Dir - straight line, f/p - ogre
Aim: an ogre, wielding a +0 giant club (almost dead, confused, blind, 86% to hit, chance to blind on hit: 70%)
You throw an atropa-tipped dart.
The atropa-tipped dart hits the kobold brigand.
The kobold brigand resists.
The kobold brigand is lightly wounded.
The ogre seems less confused.
The kobold brigand hits you with a +0 dagger.
* * * LOW HITPOINT WARNING * * *
Okay, then.
Okay, then.
Okay, then.
You hit the kobold brigand. You grab the kobold brigand.
The kobold brigand is moderately wounded.
You constrict the kobold brigand.
The kobold brigand hits you with a +0 dagger.
* * * LOW HITPOINT WARNING * * *
You hit the kobold brigand.
The kobold brigand is moderately wounded.
You constrict the kobold brigand.
The kobold brigand hits you with a +0 dagger.
You die...
Your body crumbles into a pile of gold.

### #.. #.#
#.### #.#$###
#..OK@# #
#(#(###c.
#.###..# ###
#.#..####..##
##h.####.....#
#.####....#.#
#.##....#...#
##.h.s#.Y?#.#
)#
###K...#...#
.#


You could see a kobold brigand and an ogre (blind).

Vanquished Creatures
  2 water moccasins
  A sky beast (D:6)
  3 black bears (D:7)
  2 ice beasts (D:7)
  3 ogres
  3 centaurs
  2 phantoms
  2 kobold brigands (D:4)
  A bullfrog (D:7)
  A scorpion (D:7)
  2 necrophages
  A howler monkey (D:5)
  4 hounds
  4 orc priests (D:5)
  A gnoll bouda (D:4)
  6 iguanas
  3 orc wizards
  3 gnolls (D:4)
  13 adders
  A shadow imp (D:5)
  2 white imps
  An ufetubus (D:6)
  A dart slug (D:4)
  12 orcs
  7 ball pythons
  5 bats
  6 endoplasms
  4 giant cockroaches
  8 hobgoblins
  3 jackals
  2 quokkas
  A frilled lizard (D:3)
  7 goblins
  18 kobolds
  7 rats
142 creatures vanquished.

Notes
Turn   | Place    | Note
-------+----------+-------------------------------------------
     0 | D:5      | croobank the Octopode Delver began the quest for the Orb.
     0 | D:5      | Reached XP level 1. HP: 16/16 MP: 1/1
    20 | D:6      | Reached XP level 2. HP: 9/21 MP: 2/2
   270 | D:5      | Noticed a water moccasin
   922 | D:4      | Reached skill level 7 in Stealth
   922 | D:4      | Reached XP level 3. HP: 3/26 MP: 3/3
  1230 | D:4      | Noticed a kobold brigand
  1349 | D:3      | Reached XP level 4. HP: 16/31 MP: 4/4
  1934 | D:2      | Reached XP level 5. HP: 19/37 MP: 5/5
  2622 | D:1      | Found a faded altar of an unknown god.
  2757 | D:1      | Learned a level 1 spell: Magic Dart
  2760 | D:1      | Learned a level 2 spell: Searing Ray
  4074 | D:2      | Found a bloodstained altar of Trog.
  5238 | D:3      | Identified the +4 helmet "Ves Raud" {rElec}
  5383 | D:3      | Reached skill level 1 in Conjurations
  5383 | D:3      | Reached XP level 6. HP: 19/43 MP: 0/7
  5573 | D:3      | Found a blossoming altar of Fedhas.
  5796 | D:4      | Reached skill level 1 in Spellcasting
  6116 | D:4      | HP: 1/41 [phantom (5)]
  6119 | D:4      | Reached skill level 1 in Staves
  6137 | D:4      | HP: 2/43 [kobold/stone (1)]
  6679 | D:4      | Reached skill level 8 in Stealth
  6679 | D:4      | Reached XP level 7. HP: 18/48 MP: 7/9
  7041 | D:4      | Found a staircase to the Ecumenical Temple.
  7051 | Temple   | Entered the Ecumenical Temple
  7146 | Temple   | Became a worshipper of Gozag Ym Sagoz the Greedy
  7877 | D:5      | Found an iron altar of Okawaru.
  8761 | D:5      | Reached XP level 8. HP: 31/54 MP: 7/12
  9181 | D:5      | Learned a level 4 spell: Fulminant Prism
  9349 | D:5      | Found a shimmering altar of Xom.
  9564 | D:5      | Found a basalt altar of Yredelemnul.
  9715 | D:5      | Reached skill level 5 in Fighting
  9722 | D:5      | Reached skill level 1 in Hexes
 10357 | D:6      | Reached skill level 9 in Stealth
 10890 | D:6      | Found an ornate altar of the Wu Jian Council.
 11250 | D:6      | Reached XP level 9. HP: 61/61 MP: 9/14
 11429 | D:6      | Found a bloodstained altar of Trog.
 12009 | D:7      | Reached skill level 5 in Dodging
 12153 | D:7      | HP: 2/61 [orc warrior/+0 dire flail (18)]
 12177 | D:7      | HP: 3/61 [centaur (3)]
 12206 | D:7      | HP: 2/62 [kobold brigand/+0 dagger (4)]
 12207 | D:7      | Slain by a kobold brigand

Illustrated notes

Levels and vault maps discovered:
D:1:      spicycebolla_green_bress_n_ham, layout_loops_corners,
          shapermc_ecumenical_altar_notcrosses
D:2:      layout_basic, basic_altar, palyth_stone_intersect
D:3:      layout_rooms, fedhas_altar_1
D:4:      cheibrodos_thug_alley, layout_cave_pools, temple_hall
D:5:      layout_rooms, okawaru_metal_pillars_3, minitemple,
          gup_sewer_entry_bowl, serial_bayou_pond_d, minmay_diced_spiral
D:6:      layout_layer_cave, lightli_temple_of_fire, overflow_temple_1_default,
          minmay_misc_feat_roman
D:7:      minmay_the_grid_triangle_9x9_rhombus_full
          [minmay_the_grid_triangle_9x9_alien,
          minmay_the_grid_triangle_9x9_subtriangle,
          minmay_the_grid_triangle_9x9_thin_v,
          minmay_the_grid_triangle_9x9_negative_grid,
          minmay_the_grid_triangle_9x9_windchime,
          minmay_the_grid_triangle_9x9_longest,
          minmay_the_grid_triangle_9x9_checkered,
          minmay_the_grid_triangle_9x9_prize_schism], layout_rooms
Temple:   chequers_temple_sunken

Skill      XL: |  1  2  3  4  5  6  7  8  9 |
---------------+----------------------------+-----
Stealth        | 7 8 9 |  9.7
Dodging        | 3 4 5 |  5.3
Axes           | 3 |  3.1
Fighting       | 4 5 |  5.7
Conjurations   | 1 2 3 4 |  4.9
Spellcasting   | 1 3 4 |  4.4
Staves         | 1 2 3 |  3.9
Hexes          | 1 2 |  2.8

Action                   |  1- 3 |  4- 6 |  7- 9 || total
-------------------------+-------+-------+-------++-------
Melee: Hand axe          |    41 |    60 |    70 ||   171
       Constrict         |    11 |    23 |    17 ||    51
       Tentacles         |     8 |    25 |    19 ||    52
       Punch             |     1 |       |     1 ||     2
       Staff             |       |    91 |    15 ||   106
Throw: Dart              |       |       |     6 ||     6
 Cast: Magic Dart        |       |    53 |    35 ||    88
       Searing Ray       |       |    11 |    45 ||    56
Invok: Potion Petition   |       |       |     1 ||     1
  Use: Scroll            |     2 |    10 |     7 ||    19
       Potion            |       |     5 |     9 ||    14
 Stab: Sleeping          |     3 |    12 |     3 ||    18
       Distracted        |       |     2 |     6 ||     8
Armor: Skin              |     2 |    18 |    21 ||    41
Dodge: Dodged            |    33 |   133 |    97 ||   263
